 Dungeon Crawl Stone Soup version 0.24.0-13-gcf9b3192b9 (webtiles) character file.

Game seed: 7370566378533104523, levelgen mode: deterministic

3784 Metae the Fighter (level 9, -1/133 HPs)
             Began as a Minotaur Fighter on Nov 9, 2019.
             Was an Elder of Okawaru.
             Slain by a crocodile (3 damage)
             ... on level 1 of the Lair of Beasts.
             The game lasted 00:32:35 (7473 turns).

Metae the Fighter (Minotaur Fighter)                Turns: 7473, Time: 00:32:36

Health: -1/133     AC: 24    Str: 29    XL:     9   Next: 95%
Magic:  12/12      EV:  2    Int:  5    God:    Okawaru [****..]
Gold:   425        SH: 10    Dex: 10    Spells: 8/8 levels left

rFire    + . .     SeeInvis .   N - +2 mace (crush)
rCold    + . .     Gourm    .   c - +0 shield
rNeg     + + +     Faith    .   (armour currently unavailable)
rPois    +         Spirit   .   (helmet currently unavailable)
rElec    .         Reflect  .   (cloak currently unavailable)
rCorr    .         Harm     .   (gloves currently unavailable)
MR       .....     NoTele   +   (boots currently unavailable)
Stlth    +.........             h - amulet of rage
HPRegen  0.32/turn              O - ring of protection from cold
MPRegen  0.13/turn              y - ring of protection from fire

@: mighty, tree-form
A: (retaliatory headbutt)
a: Heroism, Renounce Religion, Evoke Berserk Rage


You were on level 1 of the Lair of Beasts.
You worshipped Okawaru.
Okawaru was greatly pleased with you.
You were hungry.
You were a tree.
You visited 2 branches of the dungeon, and saw 9 of its levels.
You also visited: Bailey.

You collected 425 gold pieces.

Inventory:

Hand Weapons
 A - the +7 spear "Itwav" {pierce, rC++ rN++ Str-5}
   (You found it on level 4 of the Dungeon)

   It inflicts extra damage upon your enemies.
   It affects your strength (-5).
   It greatly protects you from cold.
   It greatly protects you from negative energy.
 K - a +0 hunting sling
 N - a +2 mace of crushing (weapon)
Armour
 b - a +0 scale mail
 c - a +0 shield (worn)
 m - a +1 plate armour (melded)
 t - a +0 pair of gloves (melded)
 F - a +0 hat (melded)
Jewellery
 h - an amulet of rage (around neck)
 p - an uncursed ring of fire
 y - a ring of protection from fire (right branch)
 O - a ring of protection from cold (left branch)
Wands
 s - a wand of digging (5)
 x - a wand of polymorph (9)
 B - a wand of paralysis (7)
 G - a wand of random effects (18)
Scrolls
 e - a scroll of magic mapping
 g - a scroll of enchant armour
 i - 5 scrolls of identify
 j - 4 scrolls of fog
 k - 3 scrolls of remove curse
 l - 2 scrolls of teleportation
 o - a scroll of amnesia
 E - 2 scrolls of blinking {unknown}
 J - 2 scrolls of random uselessness {unknown}
Potions
 d - 2 potions of might
 n - 3 potions of brilliance
 q - 2 potions of haste
 r - 2 potions of lignification
 v - 3 potions of curing
 w - a potion of invisibility {unknown}
 D - 2 potions of ambrosia {unknown}
 H - a potion of mutation {unknown}
 I - a potion of cancellation {unknown}
Comestibles
 f - 14 rations


   Skills:
 + Level 11.1 Fighting
 + Level 5.7 Polearms
 + Level 9.1 Armour
 - Level 3.6 Shields
 - Level 3.0 Invocations
 + Level 6.0 Evocations


You had 8 spell levels left.
You didn't know any spells.
Your spell library was empty.

Dungeon Overview and Level Annotations

Branches:
Dungeon (8/15)             Temple (0/1) D:7            Lair (1/6) D:8
 Bailey (visited)

Altars:
Dithmenos
Elyvilon
Makhleb
Okawaru
Ru
Sif Muna


Innate Abilities, Weirdness & Mutations

((You reflexively headbutt those who attack you in melee.))
((You have a pair of horns on your head.))


Message History

Your roots penetrate the ground.
You block the wolf's attack. x2
The crocodile bites you but does no damage.
You hit the crocodile.
The crocodile is lightly wounded.
The wolf bites you but does no damage. The wolf bites you.
* * * LOW HITPOINT WARNING * * *
The crocodile bites you but does no damage.
You closely miss the crocodile.
The crocodile is lightly wounded.
The wolf completely misses you. The wolf bites you but does no damage.
The crocodile bites you but does no damage.
You block the wolf's attack. You block the crocodile's attack.
You hit the crocodile.
The crocodile is moderately wounded.
The wolf bites you but does no damage. You block the wolf's attack.
The crocodile bites you.
* * * LOW HITPOINT WARNING * * *
You feel very mighty all of a sudden.
You block the wolf's attack. x2; The crocodile bites you.
You die...

..........##
#..........
#..........
#.........
.........#
.........#
#........#
.......†h#######
.......♣t......#
.................
......##.........
...... #.........
...... ..........
..... [..........
..... ...........
.... ............


You could see a crocodile and a wolf.

Vanquished Creatures
  Harold (D:8)
  A gargoyle (D:8)
  A spiny frog (Lair:1)
  A hippogriff (D:8)
  Eustachio (D:6)
  3 orc warriors
  Duvessa (D:6)
  A phantom (D:8)
  4 ogres
  4 wolves (Lair:1)
  A bullfrog (D:4)
  2 scorpions
  Dowan (D:6)
  A howler monkey (D:4)
  A jelly (D:3)
  A bullfrog zombie (D:5)
  A hound (D:4)
  A centaur skeleton (D:4)
  3 orc priests (D:7)
  2 orc wizards (D:7)
  2 bullfrog skeletons (D:4)
  3 iguanas
  Natasha (D:2)
  7 worker ants
  A hound skeleton (D:4)
  A worker ant zombie (D:8)
  8 gnolls
  11 adders
  2 adder skeletons
  4 worms
  A dart slug (D:2)
  3 leopard geckos
  10 orcs
  5 giant cockroaches
  8 goblins
  4 hobgoblins
  4 jackals (D:3)
  5 quokkas
  A bat (D:1)
  3 frilled lizards
  6 kobolds
  2 leopard gecko skeletons
  11 rats
135 creatures vanquished.

Notes
Turn   | Place    | Note
-------+----------+-------------------------------------------
     0 | D:1      | Metae the Minotaur Fighter began the quest for the Orb.
     0 | D:1      | Reached XP level 1. HP: 19/19 MP: 0/0
   130 | D:1      | Reached skill level 4 in Fighting
   352 | D:1      | Reached XP level 2. HP: 24/27 MP: 1/1
   540 | D:2      | Found a faded altar of an unknown god.
   675 | D:2      | Reached skill level 1 in Evocations
   720 | D:2      | Reached XP level 3. HP: 32/34 MP: 3/3
   781 | D:2      | Found a white marble altar of Elyvilon.
  1149 | D:2      | Found a shimmering blue altar of Sif Muna.
  1149 | D:2      | Noticed Natasha
  1156 | D:2      | Killed Natasha
  1156 | D:2      | Reached skill level 5 in Fighting
  1192 | D:2      | Reached XP level 4. HP: 39/42 MP: 4/4
  1493 | D:3      | Found an iron altar of Okawaru.
  1826 | D:3      | Reached XP level 5. HP: 44/49 MP: 6/6
  1900 | D:3      | Reached skill level 6 in Fighting
  2375 | D:3      | Became a worshipper of Warmaster Okawaru
  2473 | D:4      | Found a sacrificial altar of Ru.
  2525 | D:4      | Reached XP level 6. HP: 50/58 MP: 7/7
  2573 | D:4      | Reached skill level 1 in Invocations
  2663 | D:4      | Got a fine spear
  2674 | D:4      | Identified the +7 spear "Itwav" {pierce, rC++ rN++ Str-5}
                  | (You found it on level 4 of the Dungeon)
  2745 | D:4      | Reached skill level 7 in Fighting
  2908 | D:4      | Found a burning altar of Makhleb.
  2960 | D:4      | Reached XP level 7. HP: 56/66 MP: 8/8
  3024 | D:4      | Reached * piety under Okawaru
  3439 | D:5      | Entered Level 5 of the Dungeon
  3616 | D:5      | Reached skill level 8 in Fighting
  3690 | D:5      | Reached skill level 5 in Armour
  3870 | D:5      | Reached ** piety under Okawaru
  4234 | D:6      | Noticed Eustachio
  4253 | D:6      | Killed Eustachio
  4253 | D:6      | Reached XP level 8. HP: 76/77 MP: 9/9
  4440 | D:6      | Reached skill level 9 in Fighting
  4482 | D:6      | Noticed Dowan
  4482 | D:6      | Noticed Duvessa
  4493 | D:6      | Killed Dowan
  4499 | D:6      | Killed Duvessa
  5726 | D:7      | Found a staircase to the Ecumenical Temple.
  5754 | D:7      | Reached skill level 10 in Fighting
  6146 | D:8      | Noticed Harold
  6164 | D:8      | Killed Harold
  6164 | D:8      | Reached *** piety under Okawaru
  6164 | D:8      | Reached skill level 5 in Evocations
  6164 | D:8      | Reached XP level 9. HP: 40/86 MP: 8/11
  6359 | D:8      | Found a flagged portal.
  6373 | Bailey   | Entered a bailey
  6373 | Bailey   | Noticed an orc knight
  6375 | Bailey   | Noticed an orc knight
  6875 | D:8      | Found a shadowy altar of Dithmenos.
  7104 | D:8      | Found a staircase to the Lair.
  7128 | D:8      | Noticed a gargoyle
  7147 | D:8      | Killed a gargoyle
  7147 | D:8      | Reached skill level 5 in Polearms
  7439 | Lair:1   | Entered Level 1 of the Lair of Beasts
  7439 | Lair:1   | Noticed a spiny frog
  7447 | Lair:1   | Killed a spiny frog
  7447 | Lair:1   | Reached skill level 11 in Fighting
  7459 | Lair:1   | Reached **** piety under Okawaru
  7468 | Lair:1   | HP: 3/89 [crocodile (11)]
  7473 | Lair:1   | Slain by a crocodile

Levels and vault maps discovered:
D:1:      minmay_arrival_loop, layout_rooms
D:2:      minmay_recursive_quarters, layout_loops_ring,
          overflow_temple_1_default, first_ration,
          chequers_ecumenical_altar_grove, kennysheep_decorative_pillar,
          kennysheep_another_room, elyvilon_altar_5, uniq_natasha
D:3:      cheibrodos_old_hovel, layout_basic, okawaru_metal_pillars_1_2
D:4:      cheibrodos_barr_body, layout_loops_ring, bloody_makhleb,
          nicolae_ru_sacrificial_ziggurat
D:5:      layout_basic
D:6:      layout_loops_corners, minmay_stone_trees_small, uniq_eustachio,
          uniq_duvessa
D:7:      layout_basic, minmay_temple_entry_antechambers
D:8:      layout_basic, lair_entry_dummy, enter_bailey_3,
          grunt_dithmenos_shadows, uniq_harold
Lair:1:   lemuel_slime, layout_hall_layers, serial_bayou_shore_b,
          lemuel_fruit_tree, grunt_megastairs_5

Skill      XL: |  1  2  3  4  5  6  7  8  9 |
---------------+----------------------------+-----
Fighting       | 4 5 6 7 8 10 11 | 11.1
Evocations     | 1 2 3 5 6 |  6.0
Invocations    | 2 3 |  3.0
Armour         | 5 8 9 |  9.1
Polearms       | 3 5 |  5.7
Shields        | |  3.6

Action                   |  1- 3 |  4- 6 |  7- 9 || total
-------------------------+-------+-------+-------++-------
Melee: Trident           |    78 |   127 |       ||   205
       Headbutt          |    12 |    25 |    43 ||    80
       Spear             |       |    30 |   242 ||   272
       Mace              |       |       |    24 ||    24
Invok: Heroism           |       |       |     5 ||     5
Evoke: Wand              |       |       |     1 ||     1
  Use: Scroll            |       |       |    13 ||    13
       Potion            |       |       |     5 ||     5
  Eat: Chunk             |     1 |     2 |     4 ||     7
       Ration            |       |     1 |     3 ||     4
Armor: Scale mail        |     3 |       |       ||     3
       Plate armour      |    22 |    98 |   122 ||   242
       Skin              |       |       |     6 ||     6
Dodge: Dodged            |     5 |    27 |    42 ||    74
Block: Shield            |    22 |    80 |   121 ||   223
